 Dungeon Crawl Stone Soup version 0.31-a0-1178-gc5c9b8f871 (webtiles) character file.

Game seed: 12355117579746024722

96 backslashecho the Gusty (level 4, -1/27 HPs)
             Began as an Octopode Air Elementalist on Dec 11, 2023.
             Slain by an orc wizard
             ... wielding a +0 dagger
              (4 damage)
             ... on level 2 of the Dungeon.
             The game lasted 00:03:04 (1554 turns).

backslashecho the Gusty (Octopode Air Elementalist) Turns: 1554, Time: 00:03:05

Health: -1/27      AC:  1    Str:  7    XL:     4   Next: 67%
Magic:  1/7        EV: 13    Int: 19    God:
Gold:   44         SH:  0    Dex: 12    Spells: 2/8 levels left

rFire   . . .        c - +0 short sword
rCold   . . .        (no shield)
rNeg    . . .        (helmet restricted)
rPois   .            (no amulet)
rElec   .            (no ring)
rCorr   .            (no ring)
SInv    .            (no ring)
Will    .....        (no ring)
Stlth   +++          (no ring)
HPRegen 0.24/turn    (no ring)
MPRegen 0.10/turn    (no ring)
                     (no ring)

%: no passive effects
@: mighty
A: almost no armour, amphibious, 8 rings, camouflage 1, gelatinous body 1,
(nimble swimmer 1), tentacles
a: no special abilities


You were on level 2 of the Dungeon.
You visited 1 branch of the dungeon, and saw 2 of its levels.

You collected 44 gold pieces.

Inventory:

Hand Weapons
 c - a +0 short sword (weapon)
Missiles
 f - 3 curare-tipped darts
Scrolls
 d - 2 scrolls of identify {unknown}
Potions
 a - a potion of magic
 b - a potion of might


   Skills:
 + Level 1.2 Short Blades
 - Level 2.0 Dodging
 - Level 3.0 Stealth
 + Level 2.6 Spellcasting
 * Level 2.8 Conjurations
 + Level 3.5 Air Magic


You had 2 spell levels left.
You knew the following spells:

 Your Spells              Type           Power      Damage    Failure   Level
a - Shock                 Conj/Air       56%        1d6       4%          1
b - Swiftness             Air            16%        N/A       11%         3
c - Static Discharge      Conj/Air       28%        3-5/arc   6%          2

Your spell library contained the following spells:

 Spells                   Type           Power      Damage    Failure   Level
 Airstrike                Air            8%         2d(2-18)  36%         4


Dungeon Overview and Level Annotations

Branches:
Dungeon (2/15)

Altars:


Innate Abilities, Weirdness & Mutations

You cannot wear most types of armour.
You are amphibious.
You can wear up to eight rings at the same time.
Your skin changes colour to match your surroundings (Stealth+).
Your rubbery body absorbs attacks. (AC +1, EV +1)
((You are camouflaged when in or above water. (Stealth+)))
You have tentacles for arms and can constrict up to eight enemies at once.


Message History

The orc wizard gestures at you while chanting.
The puff of flame hits you.
An orc comes into view. It is wielding a +0 dagger.
You take 6 damage, and have 15/27 hp.
MASSIVE DAMAGE!!
You closely miss the orc wizard.
The orc wizard is moderately wounded.
The orc shouts!
The orc wizard closely misses you.
You completely miss the orc wizard.
The orc wizard is moderately wounded.
The orc wizard hits you with a +0 dagger.
The orc wizard hits you with a +0 dagger.
You take 3 damage, and have 12/27 hp.
You bump into the rock wall.
The orc wizard hits you with a +0 dagger.
* * * LOW HITPOINT WARNING * * *
You take 4 damage, and have 8/27 hp.
The orc wizard hits you with a +0 dagger.
* * * LOW HITPOINT WARNING * * *
You take 4 damage, and have 4/27 hp.
It was a potion of might.
You feel very mighty all of a sudden. The orc wizard closely misses you.
It was a potion of curing.
You feel better. The orc barely misses you.
The orc wizard hits you with a +0 dagger.
* * * LOW HITPOINT WARNING * * *
You regained 3 hp, and now have 8/27 hp.
Casting: Shock (safe; 4% risk of failure)
Confirm with . or Enter, or press ? or * to list all spells.
The orc wizard is struck by an arc of lightning.
The orc wizard is heavily wounded.
The orc is struck by an arc of lightning.
The orc is heavily wounded.
You are struck by an arc of lightning.
* * * LOW HITPOINT WARNING * * *
The lightning grounds out.
The orc is struck by an arc of lightning.
The orc is almost dead.
The orc wizard is struck by an arc of lightning.
The orc wizard is heavily wounded.
The lightning grounds out.
The orc misses you. The orc wizard closely misses you.
You take 1 damage, and have 7/27 hp.
You now have 1/7 mp.
You closely miss the orc wizard. You grab the orc wizard.
The orc wizard is heavily wounded.
You constrict the orc wizard, but do no damage.
The orc hits you with a +0 dagger.
* * * LOW HITPOINT WARNING * * *
The orc wizard hits you with a +0 dagger.
You die...

.##.......#.# #.#
.#..........# #.#
#.....#.##### #.#
...##.#..# #######.#
......##.###.......# ##
# ...#####..##.......#
.. ..
...#...............#
.###...
...#...............#
..)..
####............@o.##.)#
#.............o.....#
#................#.##
#................###
#...............>#
#.....###........#
#........# #........#
####..<..#


You could see an orc wizard and an orc.

Vanquished Creatures
  4 gnolls
  An adder (D:2)
  3 dart slugs (D:1)
  3 orcs (D:2)
  A ball python (D:2)
  2 endoplasms (D:2)
  A giant cockroach (D:1)
  3 goblins
  2 hobgoblins (D:1)
  3 jackals (D:1)
  5 bats
  4 frilled lizards
  6 kobolds (D:1)
  3 rats
41 creatures vanquished.

Notes
Turn   | Place    | Note
-------+----------+-------------------------------------------
     0 | D:1      | backslashecho the Octopode Air Elementalist began the quest
                  | for the Orb.
     0 | D:1      | Reached XP level 1. HP: 11/11 MP: 3/3
   127 | D:1      | Reached XP level 2. HP: 17/17 MP: 0/5
   531 | D:1      | Reached XP level 3. HP: 21/21 MP: 3/6
  1058 | D:1      | Reached XP level 4. HP: 20/27 MP: 0/7
  1140 | D:2      | Reached skill level 1 in Short Blades
  1177 | D:2      | Learned a level 3 spell: Swiftness
  1180 | D:2      | Learned a level 2 spell: Static Discharge
  1554 | D:2      | Slain by an orc wizard

Illustrated notes

Levels and vault maps discovered:
D:1:      minmay_arrival_stone_box, layout_rooms
D:2:      layout_basic, shapermc_ecumenical_altar_notcrosses,
          dreamdust_wishing_well, columned_hall_lemuel

Skill      XL: |  1  2  3  4 |
---------------+-------------+-----
Stealth        | 3 |  3.0
Conjurations   | 2 |  2.8
Short Blades   | 1 |  1.2
Dodging        | |  2.0
Spellcasting   | |  2.6
Air Magic      | |  3.5

Action                     |  1- 3 |  4- 6 || total
---------------------------+-------+-------++-------
  Melee: Unarmed           |     2 |       ||     2
         Constrict         |     3 |     2 ||     5
         Tentacles         |     2 |     1 ||     3
         Short sword       |     6 |     8 ||    14
   Cast: Shock             |    46 |    25 ||    71
         Static Discharge  |       |     1 ||     1
    Use: Potion            |       |     2 ||     2
 Armour: Skin              |     8 |    10 ||    18
  Dodge: Dodged            |    18 |    11 ||    29

Table legend: (Time is in decaauts)
 A = Elapsed time spent in this place.
 B = Non-inter-level travel time spent in this place.
 C = Inter-level travel time spent in this place.
 D = Time resting spent in this place.
 E = Time spent auto-exploring this place.
 F = Levels seen in this place.
 G = Mean time per level.
                   A        B        C        D        E       F      G
               +--------+--------+--------+--------+--------+-----+--------+
         Total |   1554 |   1451 |    103 |    490 |    722 |   2 |  777.0 |
       Dungeon |   1554 |   1451 |    103 |    490 |    722 |   2 |  777.0 |
               +--------+--------+--------+--------+--------+-----+--------+

Top non-repeatable levels by time:
     D:1: 1093 daAuts
     D:2: 460 daAuts
